 Dungeon Crawl Stone Soup version 0.23-a0-494-g91793a9 (webtiles) character file.

237569 theanonym the Warrior (level 18, -20/160 HPs)
             Began as a Mummy Warper on Dec 4, 2018.
             Was the Champion of Ashenzari.
             Shot with an arrow by a deep elf master archer (30 damage)
             ... on level 3 of the Elven Halls.
             The game lasted 01:27:37 (39404 turns).

theanonym the Warrior (Mummy Warper)               Turns: 39404, Time: 01:27:39

Health: -20/160    AC: 34    Str: 20    XL:     18   Next: 97%
Magic:  22/22      EV:  6    Int: 16    God:    Ashenzari [******]
Gold:   1189       SH: 19    Dex: 12    Spells: 22/22 levels left

rFire    . . .     SeeInvis +   a - +7 eveningstar (freeze) (curse)
rCold    + + .     Gourm    .   z - +0 large shield (curse)
rNeg     + + +     Faith    .   i - +3 plate armour of Jigsaw {Int+3}
rPois    ∞         Spirit   .   G - +0 helmet
rElec    +         Reflect  .   k - +2 cloak {MR+} (curse)
rCorr    .         Harm     .   E - +2 pair of gloves of Inquiry {+Inv rF- rC+ Str+2}
MR       +++++     Clarity  +   I - +2 pair of boots (curse)
Stlth    ..........             e - amulet of regeneration (curse)
HPRegen  0.76/turn              F - ring "Hopsirch" {*Contam rElec rF+ MR+++ Str-3}
MPRegen  0.18/turn              O - ring of protection from fire

@: silence
A: no food or potions, fire vulnerability, cold resistance 1, negative energy
resistance 3, torment resistance, unbreathing, in touch with death 1
}: 1/15 runes: gossamer
a: Renounce Religion, Evoke Invisibility


Innate Abilities, Weirdness & Mutations

You do not eat or drink.
Your flesh is vulnerable to fire.
You are immune to poison.
Your flesh is cold resistant. (rC+)
You are immune to negative energy. (rN+++)
You are immune to unholy pain and torment.
You can survive without breathing.
You are in touch with the powers of death.


   Skills:
 + Level 19.1 Fighting
 - Level 12.3(16.4) Maces & Flails
 - Level 0.7 Throwing
 * Level 17.4 Armour
 - Level 1.5 Dodging
 + Level 11.1(13.9) Shields
 - Level 2.6 Spellcasting
   Level 2.4 Translocations


You had 22 spell levels left.
You didn't know any spells.
Your spell library contained the following spells:

 Spells                   Type           Power        Failure   Level  Hunger
 Apportation              Tloc           #.....       95%         1    N/A
 Blink                    Tloc           N/A          99%         2    N/A
 Animate Skeleton         Necr           N/A          100%        1    N/A
 Confusing Touch          Hex            #.....       100%        1    N/A
 Freeze                   Ice            #...         100%        1    N/A
 Magic Dart               Conj           #...         100%        1    N/A
 Pain                     Necr           #...         100%        1    N/A
 Sandblast                Erth           #.....       100%        1    N/A
 Summon Butterflies       Summ           #.......     100%        1    N/A
 Summon Small Mammal      Summ           #...         100%        1    N/A
 Call Imp                 Summ           #.......     100%        2    N/A
 Passwall                 Tmut/Erth      #.......     100%        2    N/A
 Poisonous Vapours        Pois/Air       #.....       100%        2    N/A
 Searing Ray              Conj           #.....       100%        2    N/A
 Shroud of Golubria       Chrm/Tloc      #.........   100%        2    N/A
 Slow                     Hex            #.......     100%        2    N/A
 Song of Slaying          Chrm           #.......     100%        2    N/A
 Throw Flame              Conj/Fire      #.....       100%        2    N/A
 Throw Frost              Conj/Ice       #.....       100%        2    N/A
 Call Canine Familiar     Summ           #.......     100%        3    N/A
 Conjure Flame            Conj/Fire      #.......     100%        3    N/A
 Dazzling Spray           Conj/Hex       #.....       100%        3    N/A
 Gell's Gravitas          Tloc           #.........   100%        3    N/A
 Ignite Poison            Fire/Tmut/Pois #.......     100%        3    N/A
 Lesser Beckoning         Tloc           #.........   100%        3    N/A
 Mephitic Cloud           Conj/Pois/Air  #.......     100%        3    N/A
 Ozocubu's Armour         Chrm/Ice       #.......     100%        3    N/A
 Spectral Weapon          Hex/Chrm       #.......     100%        3    N/A
 Stone Arrow              Conj/Erth      #.....       100%        3    N/A
 Teleport Other           Tloc           #.......     100%        3    N/A
 Vampiric Draining        Necr           #.........   100%        3    N/A
 Animate Dead             Necr           N/A          100%        4    N/A
 Force Lance              Conj/Tloc      #.......     100%        4    N/A
 Fulminant Prism          Conj/Hex       #.........   100%        4    N/A
 Iskenderun's Mystic Bla  Conj           #.......     100%        4    N/A
 Passage of Golubria      Tloc           N/A          100%        4    N/A
 Petrify                  Tmut/Erth      #.......     100%        4    N/A
 Summon Ice Beast         Ice/Summ       #.......     100%        4    N/A
 Throw Icicle             Conj/Ice       #.......     100%        4    N/A
 Fireball                 Conj/Fire      #.........   100%        5    N/A
 Lee's Rapid Deconstruct  Erth           #.........   100%        5    N/A
 Metabolic Englaciation   Hex/Ice        #.........   100%        5    N/A
 Summon Mana Viper        Hex/Summ       #.......     100%        5    N/A
 Bolt of Cold             Conj/Ice       #.........   100%        6    N/A
 Bolt of Fire             Conj/Fire      #.........   100%        6    N/A
 Deflect Missiles         Chrm/Air       #.........   100%        6    N/A
 Freezing Cloud           Conj/Ice/Air   #.........   100%        6    N/A
 Ozocubu's Refrigeration  Ice            #.........   100%        6    N/A
 Simulacrum               Ice/Necr       #.........   100%        6    N/A
 Ring of Flames           Chrm/Fire      #.........   100%        7    N/A
 Summon Hydra             Summ           #.........   100%        7    N/A
 Ignition                 Fire           #.........   100%        8    N/A
 Beastly Appendage        Tmut           Unusable     N/A         1    N/A
 Regeneration             Chrm/Necr      Unusable     N/A         3    N/A
 Ice Form                 Ice/Tmut       Unusable     N/A         4    N/A
 Statue Form              Tmut/Erth      Unusable     N/A         6    N/A

Skill      XL: |  1  2  3  4  5  6  7  8  9 10 11 12 13 14 15 16 17 18 |
---------------+-------------------------------------------------------+-----
Maces & Flails | 2 3 4 5 7 8 10 11 12 | 12.3
Fighting       | 3 4 5 6 8 10 11 13 14 15 16 17 18 19 | 19.1
Shields        | 3 4 6 8 10 11 | 11.1
Armour         | 3 6 9 12 13 14 16 17 | 17.4
Throwing       | |  0.7
Dodging        | |  1.5
Spellcasting   | |  2.6
Translocations | |  2.4

Action                   |  1- 3 |  4- 6 |  7- 9 | 10-12 | 13-15 | 16-18 || total
-------------------------+-------+-------+-------+-------+-------+-------++-------
Melee: Mace              |   170 |   181 |       |       |       |       ||   351
       Flail             |       |     8 |   471 |       |       |       ||   479
       Morningstar       |       |       |   195 |  1025 |  1446 |       ||  2666
       Eveningstar       |       |       |       |       |   388 |  2191 ||  2579
Throw: Tomahawk          |       |     2 |     3 |       |       |       ||     5
       Throwing net      |       |       |       |       |     1 |       ||     1
Invok: Curse Item        |       |     1 |     1 |     2 |     1 |       ||     5
       Scrying           |       |       |       |       |     1 |       ||     1
 Abil: Evoke Invisibilit |       |       |       |       |       |     1 ||     1
       Evoke Flight      |       |       |       |       |       |     1 ||     1
Evoke: Wand              |       |       |       |    15 |    28 |    39 ||    82
       Lightning rod     |       |       |       |       |       |     4 ||     4
       Fan of gales      |       |       |       |       |       |     1 ||     1
       Phial of floods   |       |       |       |       |       |     1 ||     1
       Phantom mirror    |       |       |       |       |       |     1 ||     1
  Use: Scroll            |       |     4 |     9 |     6 |    11 |    13 ||    43
 Stab: Paralysed         |       |       |       |    12 |     4 |       ||    16
       Confused          |       |       |       |       |     4 |       ||     4
       Invisible         |       |       |       |       |       |     3 ||     3
       Held in net/web   |       |       |       |       |       |     1 ||     1
Armor: Leather armour    |    17 |       |       |       |       |       ||    17
       Ring mail         |    29 |       |       |       |       |       ||    29
       Scale mail        |    34 |       |       |       |       |       ||    34
       Plate armour      |       |   178 |   539 |   664 |  1116 |  1308 ||  3805
Dodge: Dodged            |   137 |    55 |   226 |   310 |   331 |   460 ||  1519
Block: Buckler           |       |       |       |   226 |   113 |       ||   339
       Reflection        |       |       |       |     6 |     1 |       ||     7
       Large shield      |       |       |       |       |   922 |  2148 ||  3070

Inventory:

Hand Weapons
 a - a cursed +7 eveningstar of freezing (weapon)
   (You acquired it on level 14 of the Dungeon)
 X - a +2 eveningstar of distortion
   (You subdued it on level 2 of the Elven Halls)
 Z - the cursed +14 obsidian axe {chop, +Fly SInv *Curse}
   (You took it off a deep elf sorcerer on level 3 of the Elven Halls)

   It inflicts extra damage upon your enemies.
   It lets you see invisible.
   It lets you fly.
   It curses itself when equipped.
   It has a curse placed upon it.
Missiles
 x - 2 throwing nets (quivered)
 N - 3 tomahawks of dispersal
 P - 8 exploding tomahawks
Armour
 i - the +3 plate armour of Jigsaw (worn) {Int+3}
   (You found it on level 1 of the Lair of Beasts)

   It affects your intelligence (+3).
 k - a cursed +2 cloak of magic resistance (worn)
   (You took it off Crazy Yiuf on level 5 of the Dungeon)
 s - a +0 pair of gloves
   (You found it on level 12 of the Dungeon)
 w - a scarf of spirit shield
   (You found it on level 8 of the Dungeon)
 z - a cursed +0 large shield (worn)
   (You found it on level 9 of the Dungeon)
 E - the +2 pair of gloves of Inquiry (worn) {+Inv rF- rC+ Str+2}
   (You bought it in a shop on level 2 of the Orcish Mines)

   It affects your strength (+2).
   It makes you vulnerable to fire.
   It protects you from cold.
   It lets you turn invisible.
 G - a +0 helmet (worn)
   (You found it on level 4 of the Lair of Beasts)
 I - a cursed +2 pair of boots (worn)
   (You found it on level 4 of the Dungeon)
 M - the cursed +0 large shield "Jewnibin" {rC+}
   (You bought it in a shop on level 2 of the Orcish Mines)

   It protects you from cold.
   It has a curse placed upon it.
Magical Staves
 U - an uncursed staff of air
   (You found it on level 1 of the Elven Halls)
Jewellery
 b - an uncursed ring of resist corrosion
   (You found it in a labyrinth)
 e - a cursed amulet of regeneration (around neck)
   (You found it on level 2 of the Dungeon)
 m - the ring "Qaluot" {EV+3 Str+5}
   (You bought it in a shop on level 11 of the Dungeon)

   [ring of evasion]

   It affects your evasion (+3).
   It affects your strength (+5).
 q - a +4 amulet of reflection
   (You found it on level 15 of the Dungeon)
 F - the ring "Hopsirch" (left hand) {*Contam rElec rF+ MR+++ Str-3}
   (You found it in an ice cave)

   [ring of protection from fire]

   It affects your strength (-3).
   It protects you from fire.
   It insulates you from electricity.
   It affects your resistance to hostile enchantments.
   It causes magical contamination when unequipped.
 L - the ring of the Hero {*Corrode rC++ MR+ Str+2}
   (You found it in an ice cave)

   [ring of protection from magic]

   It affects your strength (+2).
   It greatly protects you from cold.
   It affects your resistance to hostile enchantments.
   It may corrode you when you take damage.
 O - a ring of protection from fire (right hand)
   (You found it in an ice cave)
 T - an uncursed ring of flight
   (You found it on level 2 of the Spider Nest)
 W - an uncursed amulet of magic regeneration
   (You found it on level 3 of the Spider Nest)
 Y - an uncursed ring of ice
   (You took it off a deep elf mage on level 2 of the Elven Halls)
Wands
 d - a wand of digging (10)
   (You found it on level 2 of the Lair of Beasts)
 l - a wand of flame (18)
   (You took it off Crazy Yiuf on level 5 of the Dungeon)
 o - a wand of random effects (55)
   (You found it on level 10 of the Dungeon)
 p - a wand of disintegration (20)
   (You found it on level 6 of the Dungeon)
 v - a wand of acid (45)
   (You found it on level 3 of the Lair of Beasts)
 C - a wand of scattershot (5)
   (You found it on level 1 of the Lair of Beasts)
 H - a wand of iceblast (18)
   (You found it on level 4 of the Lair of Beasts)
 R - a wand of enslavement (19)
   (You found it on level 1 of the Spider Nest)
Scrolls
 f - 6 scrolls of fog
 g - 6 scrolls of immolation
 j - 5 scrolls of fear
 n - 4 scrolls of remove curse
 r - 25 scrolls of identify
 t - 17 scrolls of teleportation {!r}
 y - 3 scrolls of magic mapping
 B - 3 scrolls of blinking
 J - a scroll of enchant weapon
 K - 3 scrolls of amnesia
 Q - 2 scrolls of summoning
 V - 3 scrolls of enchant armour
Miscellaneous
 c - a lightning rod (4/4)
   (You found it on level 13 of the Dungeon)
 h - a fan of gales (inert)
   (You found it on level 13 of the Dungeon)
 A - a lamp of fire
   (You found it on level 2 of the Orcish Mines)
 S - a phial of floods (inert)
   (You found it on level 3 of the Spider Nest)


You were on level 3 of the Elven Halls.
You worshipped Ashenzari.
Ashenzari was exalted by your worship.
You were not hungry.

You visited 5 branches of the dungeon, and saw 30 of its levels.
You also visited: Labyrinth, Ossuary, Bailey, Ice Cave and Volcano.

You collected 4712 gold pieces.
You spent 3523 gold pieces at shops.

Dungeon Overview and Level Annotations

Branches:
Dungeon (15/15)            Temple (0/1) D:4            Lair (6/6) D:8
 Shoals (0/4) Lair:4       Spider (4/4) Lair:2        Slime (0/5) Lair:5
    Orc (2/2) D:12            Elf (3/3) Orc:2        Vaults (0/5) D:13
 Depths (0/5) D:15

Altars:
Ashenzari
Cheibriados
Dithmenos
Gozag
Hepliaklqana
Kikubaaqudgha
Nemelex Xobeh
Okawaru
Qazlal
Trog
Vehumet
Wu Jian
Xom
The Shining One
Beogh

Shops:
D:5 :(   D:6 (   D:11 ?=((:   D:14 ?*   Orc:2 [([=

Annotations:
Elf:1 1 runed door, Aso Nei's ghost, adept SpEn

...#*,* .............. * #..
...#*,* ,,,.............,,*
#.. ...# ............,, #..
...# ', ,..⌠..⌠..... , *#..
...# * ,, , ........,, , *
#.. ...#* * , , , .....,,, ,
#.. ...#* * * ######44######
* , #.. .).# ,*
.#...≈≈ee≈≈Ee.## ,*#.. +###*
** ....e≈≈@)(≈ee..) ,, #'#
...# {{∆*##...≈≈ee≈≈e4.##* *
#.. ...#*{∆∆ #...≈≈e.≈≈e..#
* * #.. ...# ∆∆∆*
######.[######,{{ #.. ...#*
'** *** #)(#** * **{ #..
...# ∆∆∆∆∆∆∆∆∆*#)(# ∆∆{∆{∆∆∆
#.. ...#
∆∆∆∆∆∆∆∆∆*#..#*∆∆∆∆∆∆∆∆{ #..
...#*∆∆∆∆∆∆∆∆∆ #..# ∆∆∆∆∆∆∆∆
#..
)..#*∆∆∆∆∆∆∆∆∆*#..#*∆∆∆∆∆∆∆∆
*#..


You could see 2 deep elf blademasters, a deep elf master archer, a deep elf
annihilator, a deep elf demonologist, 2 deep elf archers, a deep elf high
priest, 2 deep elf magi, a fire elemental, 2 chaos spawn, a red devil, a +4
glaive of flaming and a friendly deep elf blademaster.

Notes
Turn   | Place    | Note
-------+----------+-------------------------------------------
     0 | D:1      | theanonym the Mummy Warper began the quest for the Orb.
     0 | D:1      | Reached XP level 1. HP: 16/16 MP: 4/4
    33 | D:1      | HP: 8/16 [giant cockroach (1)]
    40 | D:1      | HP: 6/16 [giant cockroach (1)]
   244 | D:1      | Reached skill level 2 in Maces & Flails
   244 | D:1      | Reached XP level 2. HP: 17/23 MP: 5/5
   502 | D:1      | Found a shattered altar of Ashenzari.
   521 | D:1      | Became a worshipper of Ashenzari the Shackled
   864 | D:1      | Reached XP level 3. HP: 23/28 MP: 7/7
  1239 | D:2      | Found a glowing golden altar of the Shining One.
  1283 | D:2      | Reached skill level 3 in Fighting
  1443 | D:2      | Found a sparkling altar of Nemelex Xobeh.
  1647 | D:3      | Noticed Ijyb
  1704 | D:3      | Killed Ijyb
  1704 | D:3      | Reached XP level 4. HP: 35/35 MP: 8/8
  1839 | D:3      | Reached skill level 3 in Maces & Flails
  2148 | D:4      | Noticed an ogre
  2242 | D:4      | Reached * piety under Ashenzari
  2312 | D:4      | Reached skill level 4 in Fighting
  2312 | D:4      | Reached XP level 5. HP: 28/42 MP: 9/9
  2467 | D:4      | Noticed Grinder
  2471 | D:4      | Paralysed by Grinder for 5 turns
  2501 | D:4      | Paralysed by Grinder for 2 turns
  2502 | D:4      | HP: 20/43 [Grinder (4)]
  2507 | D:4      | HP: 16/43 [Grinder (3)]
  2509 | D:4      | Paralysed by Grinder for 7 turns
  2520 | D:4      | Killed Grinder
  2520 | D:4      | Reached skill level 5 in Fighting
  2520 | D:4      | Reached skill level 4 in Maces & Flails
  2520 | D:4      | Reached XP level 6. HP: 19/51 MP: 10/10
  2591 | D:4      | Noticed a slave
  2591 | D:4      | Noticed a slave
  2633 | D:4      | Killed a slave
  2877 | D:4      | Found a staircase to the Ecumenical Temple.
  2917 | D:4      | Noticed Pikel
  3180 | D:4      | HP: 16/51 [ogre/+0 giant club (18)]
  3182 | D:4      | Reached XP level 7. HP: 19/57 MP: 11/11
  3297 | D:5      | Entered Level 5 of the Dungeon
  3361 | D:5      | Noticed Blork the orc
  3375 | D:5      | Noticed Edmund
  3380 | D:5      | Found a sand-covered staircase.
  3389 | Ossuary  | Entered an ossuary
  3497 | Ossuary  | Reached skill level 6 in Fighting
  3528 | Ossuary  | Reached skill level 5 in Maces & Flails
  3623 | Ossuary  | HP: 29/59 [mummy (9)]
  3686 | Ossuary  | Identified a scroll of acquirement
  3688 | Ossuary  | Got the cursed hand crossbow of Karma {penet, rElec rC+
                  | MP-9}
  3747 | D:5      | HP: 27/59 [ogre/cursed -3 giant club (13)]
  3752 | D:5      | Reached XP level 8. HP: 24/65 MP: 12/12
  3847 | D:5      | Reached skill level 7 in Fighting
  3879 | D:5      | Killed Blork the orc
  3994 | D:5      | Noticed Prince Ribbit
  4056 | D:5      | HP: 26/67 [Prince Ribbit (12)]
  4087 | D:5      | HP: 33/67 [Prince Ribbit (2)]
  4157 | D:5      | HP: 33/67 [Prince Ribbit (8)]
  4168 | D:5      | Reached skill level 6 in Maces & Flails
  4169 | D:5      | HP: 23/67 [Prince Ribbit (14)]
  4373 | D:5      | Killed Edmund
  4412 | D:5      | HP: 31/67 [Prince Ribbit (11)]
  4441 | D:5      | HP: 32/67 [phantom (6)]
  4460 | D:5      | HP: 32/67 [phantom (7)]
  4465 | D:5      | HP: 30/67 [phantom (5)]
  4860 | D:5      | Found Zeohug's Weapon Boutique.
  4958 | D:5      | Found Utearche's Book Emporium.
  5031 | D:5      | HP: 32/68 [Prince Ribbit (12)]
  5045 | D:5      | HP: 31/68 [Prince Ribbit (10)]
  5047 | D:5      | Killed Prince Ribbit
  5047 | D:5      | Reached skill level 8 in Fighting
  5180 | D:5      | Found a runed door.
  5252 | D:5      | Noticed Crazy Yiuf
  5269 | D:5      | Killed Crazy Yiuf
  5350 | D:6      | Reached skill level 7 in Maces & Flails
  5408 | D:6      | Reached XP level 9. HP: 75/75 MP: 13/13
  5496 | D:6      | Reached skill level 9 in Fighting
  5584 | D:6      | HP: 38/76 [orc warrior/+0 scimitar (7)]
  5774 | D:6      | Found Esoenn's Weapon Shoppe.
  5946 | D:6      | Noticed Eustachio
  5958 | D:6      | Killed Eustachio
  5958 | D:6      | Reached skill level 8 in Maces & Flails
  6036 | D:7      | HP: 30/77 [orc warrior/+0 halberd (13)]
  6041 | D:7      | HP: 20/77 [something/puff of flame (1)]
  6263 | D:7      | Reached skill level 10 in Fighting
  6309 | D:7      | Reached ** piety under Ashenzari
  6499 | D:7      | Found a bloodstained altar of Trog.
  6505 | D:7      | Found a stormy altar of Qazlal.
  6506 | D:7      | Found a sparkling altar of Nemelex Xobeh.
  6507 | D:7      | Found a radiant altar of Vehumet.
  6508 | D:7      | Found a shadowy altar of Dithmenos.
  6621 | D:7      | Reached XP level 10. HP: 86/86 MP: 14/14
  6953 | D:7      | Found an iron altar of Okawaru.
  7323 | D:4      | HP: 43/86 [slave[Pikel] (6)]
  7324 | D:4      | HP: 19/86 [Pikel/+0 whip of electrocution (18)]
  7337 | D:4      | Killed Pikel
  7337 | D:4      | Reached skill level 9 in Maces & Flails
  7337 | D:4      | Reached skill level 1 in Shields
  7535 | D:4      | Found a shadowy altar of Dithmenos.
  7683 | D:8      | Found a staircase to the Lair.
  7696 | D:8      | HP: 37/86 [orc priest/divine providence (15)]
  7715 | D:7      | HP: 42/86 [warg (7)]
  7720 | D:7      | Reached skill level 2 in Shields
  7905 | D:8      | Found a flagged portal.
  7914 | Bailey   | Entered a bailey
  8006 | Bailey   | Found an iron altar of Okawaru.
  8006 | Bailey   | Noticed an orc sorcerer
  8006 | Bailey   | Noticed an orc high priest
  8007 | Bailey   | Noticed an orange demon
  8026 | Bailey   | HP: 43/86 [red devil/+0 trident[an orc high priest] (13)]
  8030 | Bailey   | Noticed a sixfirhy
  8032 | Bailey   | HP: 20/86 [sixfirhy[an orc high priest] (4)]
  8032 | Bailey   | HP: 9/86 [sixfirhy[an orc high priest] (11)]
  8035 | Bailey   | HP: 1/86 [orc high priest/divine providence (10)]
  8169 | D:8      | Found a snail-covered altar of Cheibriados.
  8206 | D:8      | Noticed a two-headed ogre
  8212 | D:8      | Killed a two-headed ogre
  8212 | D:8      | Reached skill level 11 in Fighting
  8212 | D:8      | Reached skill level 3 in Shields
  8681 | D:8      | Found a shattered altar of Ashenzari.
  8689 | D:8      | Found an ancient bone altar of Kikubaaqudgha.
  8689 | D:8      | Found an opulent altar of Gozag.
  8689 | D:8      | Found a hazy altar of Hepliaklqana.
  8749 | D:8      | Found an iron altar of Okawaru.
  8913 | D:9      | Reached *** piety under Ashenzari
  9046 | D:9      | Reached skill level 10 in Maces & Flails
  9089 | D:9      | Identified Sif Muna's Volume of the Lucky Volcanoes
  9181 | D:9      | Reached XP level 11. HP: 93/95 MP: 15/15
  9197 | D:9      | Found a runed door.
  9201 | D:9      | Noticed iamserjio's ghost (novice OgSu)
  9221 | D:9      | Found an ornate altar of the Wu Jian Council.
  9258 | D:9      | HP: 47/95 [troll (5)]
  9607 | D:10     | Entered Level 10 of the Dungeon
  9607 | D:10     | Noticed a two-headed ogre
  9667 | D:10     | Noticed a two-headed ogre
  9831 | D:10     | Killed a two-headed ogre
  9831 | D:10     | Reached skill level 12 in Fighting
 10371 | D:10     | Killed a two-headed ogre
 10656 | D:11     | Noticed a two-headed ogre
 10677 | D:11     | Found Xoettow's Weapon Boutique.
 10760 | Lair:1   | Entered Level 1 of the Lair of Beasts
 10922 | Lair:1   | Reached skill level 1 in Armour
 11028 | Lair:1   | Reached skill level 11 in Maces & Flails
 11080 | Lair:1   | Noticed Harold
 11096 | Lair:1   | Killed Harold
 11096 | Lair:1   | Reached skill level 2 in Armour
 11193 | Lair:1   | Reached skill level 13 in Fighting
 11477 | Lair:1   | HP: 49/98 [yak (8)]
 11508 | Lair:1   | HP: 45/98 [yak (9)]
 11518 | Lair:1   | Reached skill level 3 in Armour
 11521 | Lair:1   | HP: 46/98 [yak (7)]
 11634 | Lair:1   | Reached **** piety under Ashenzari
 11921 | Lair:2   | theanonym: !lg . s=killer
 11921 | Lair:2   | beem: 962 games for theanonym: 160x, 47x a gnoll, 36x an
                  | orc priest, 34x a hobgoblin, 30x a jackal, 29x an adder,
                  | 25x an orc wizard, 22x an orc warrior, 22x an ogre, 20x a
                  | two-headed ogre, 20x Sigmund, 20x a kobold, 17x an orc, 15x
                  | a goblin, 14x a leopard gecko, 13x a worm, 11x a centaur,
                  | 11x Natasha, 9x Crazy Yiuf, 8x a worker ant, 8x an ooze, 7x
                  | an electric eel, 7x a killer bee, 7x an iguana, 6x a je...
 11943 | Lair:1   | Reached XP level 12. HP: 84/105 MP: 16/16
 11953 | Lair:1   | Got the uncursed plate armour of Jigsaw {Int+3}
 11954 | Lair:1   | Identified the +3 plate armour of Jigsaw {Int+3} (You found
                  | it on level 1 of the Lair of Beasts)
 12266 | Lair:2   | Noticed a four-headed hydra
 12327 | Lair:2   | Noticed Nergalle
 12342 | Lair:1   | Killed Nergalle
 12608 | Lair:2   | Reached skill level 4 in Armour
 12629 | Lair:2   | Found a hole to the Spider Nest.
 13358 | Lair:3   | Reached skill level 5 in Armour
 14175 | Lair:4   | Reached skill level 12 in Maces & Flails
 14194 | Lair:4   | Reached ***** piety under Ashenzari
 14306 | Lair:4   | Reached skill level 14 in Fighting
 14435 | Lair:4   | Found a staircase to the Shoals.
 14688 | Lair:4   | Noticed a death yak
 14689 | Lair:4   | Noticed a death yak
 14730 | Lair:4   | Killed a death yak
 14730 | Lair:4   | Reached skill level 6 in Armour
 14880 | Lair:4   | Gained mutation: You are in touch with the powers of death.
                  | [Mummy growth]
 14880 | Lair:4   | Reached XP level 13. HP: 110/113 MP: 17/17
 15030 | Lair:4   | HP: 48/113 [death yak (12)]
 15057 | Lair:4   | HP: 53/113 [yak (10)]
 15063 | Lair:4   | HP: 54/113 [yak (2)]
 15520 | Lair:4   | Reached skill level 7 in Armour
 15622 | Lair:5   | Found a dark tunnel.
 15710 | Volcano  | Entered a volcano
 15769 | Volcano  | Found a radiant altar of Vehumet.
 15772 | Volcano  | HP: 54/114 [something (4)]
 15774 | Volcano  | HP: 25/114 [something (31)]
 16083 | Lair:5   | Reached skill level 8 in Armour
 16307 | Lair:5   | Found a staircase to the Slime Pits.
 16491 | Lair:5   | HP: 49/114 [lindwurm (10)]
 16493 | Lair:5   | HP: 17/114 [lindwurm/blast of flame (31)]
 16532 | Lair:5   | HP: 24/114 [rime drake/flash freeze (13)]
 16694 | Lair:5   | Reached skill level 9 in Armour
 16777 | Lair:5   | Reached skill level 15 in Fighting
 17085 | Lair:6   | Entered Level 6 of the Lair of Beasts
 17185 | Lair:6   | Noticed Rupert
 17196 | Lair:5   | HP: 52/115 [komodo dragon (20)]
 17480 | Lair:6   | Reached XP level 14. HP: 112/123 MP: 18/18
 17611 | Lair:6   | Reached skill level 10 in Armour
 18683 | Lair:6   | Killed Rupert
 19186 | D:9      | Killed iamserjio's ghost
 19354 | D:11     | Found Ceorafurr's Book Boutique.
 19358 | D:11     | Reached skill level 11 in Armour
 19558 | D:11     | Found Xinelesa's Magic Scroll Emporium.
 19574 | D:11     | Bought a scroll of remove curse for 48 gold pieces
 19574 | D:11     | Bought a scroll of summoning for 152 gold pieces
 19574 | D:11     | Bought a scroll of remove curse for 48 gold pieces
 19574 | D:11     | Bought a scroll of enchant weapon for 120 gold pieces
 19574 | D:11     | Bought a scroll of enchant weapon for 120 gold pieces
 19574 | D:11     | Bought a scroll of identify for 32 gold pieces
 19574 | D:11     | Bought a scroll of fear for 56 gold pieces
 19574 | D:11     | Bought a scroll of magic mapping for 56 gold pieces
 19574 | D:11     | Bought a scroll of immolation for 56 gold pieces
 19597 | D:11     | Found Moqoes's Jewellery Emporium.
 19614 | D:11     | Bought the ring "Qaluot" {EV+3 Str+5} for 500 gold pieces
 19624 | D:11     | Bought a +4 ring of protection for 468 gold pieces
 19741 | D:11     | Found Xeasef's Antique Weapon Shoppe.
 20549 | D:12     | Found a staircase to the Orcish Mines.
 20605 | D:12     | Noticed Maurice
 20616 | D:12     | Killed Maurice
 20676 | D:12     | Reached ****** piety under Ashenzari
 20745 | Orc:1    | Entered Level 1 of the Orcish Mines
 20745 | Orc:1    | Noticed Josephine
 20756 | Orc:1    | Found a frozen archway.
 20762 | IceCv    | Entered an ice cave
 20874 | IceCv    | Reached skill level 4 in Shields
 20980 | IceCv    | Identified the ring "Hopsirch" {*Contam rElec rF+ MR+++
                  | Str-3}
 21077 | IceCv    | Identified the ring of the Hero {*Corrode rC++ MR+ Str+2}
 21317 | Orc:1    | Reached skill level 16 in Fighting
 21323 | Orc:1    | Killed Josephine
 21434 | Orc:1    | Noticed a stone giant
 21450 | Orc:1    | Killed a stone giant
 21516 | Orc:1    | HP: 60/125 [ettin/+0 dire flail (7)]
 21518 | Orc:1    | HP: 27/125 [ettin/+0 dire flail (14)]
 21808 | Orc:1    | HP: 58/125 [orc warrior/+0 war axe[an orc knight] (13)]
 22049 | Orc:1    | Found a roughly hewn altar of Beogh.
 22059 | Orc:1    | Reached skill level 12 in Armour
 22059 | Orc:1    | Reached XP level 15. HP: 95/131 MP: 19/19
 22250 | D:13     | Found a labyrinth entrance.
 22255 | Lab      | Entered a labyrinth
 22386 | Lab      | Identified the Reference Book on the Glacier and Changing
 22387 | Lab      | Identified the amulet "Feemat" {Acrobat MP+9}
 22550 | Orc:1    | Reached skill level 5 in Shields
 23068 | D:13     | Found a gate to the Vaults.
 23388 | D:13     | Found a shimmering altar of Xom.
 23468 | D:13     | Found a runed door.
 23678 | D:13     | HP: 53/132 [fire crab (14)]
 23680 | D:13     | HP: 25/132 [fire crab] (12)]
 23681 | D:13     | HP: 11/132 [fire crab] (14)]
 23681 | D:13     | HP: 5/132 [fire crab/blast of flame (7)]
 23965 | D:13     | HP: 65/132 [fire crab] (22)]
 23971 | D:13     | HP: 58/132 [fire crab] (12)]
 23982 | D:13     | HP: 54/132 [something] (12)]
 24377 | D:13     | HP: 61/132 [fire crab] (14)]
 24683 | D:13     | Reached skill level 6 in Shields
 24690 | D:13     | Paralysed by you for 3 turns
 24835 | D:14     | Found Wakusi's Magic Scroll Emporium.
 24838 | D:14     | Bought a scroll of identify for 30 gold pieces
 24838 | D:14     | Bought a scroll of fear for 52 gold pieces
 24838 | D:14     | Bought a scroll of enchant weapon for 112 gold pieces
 24838 | D:14     | Bought a scroll of remove curse for 45 gold pieces
 24838 | D:14     | Bought a scroll of acquirement for 780 gold pieces
 24838 | D:14     | Bought a scroll of teleportation for 45 gold pieces
 24838 | D:14     | Bought a scroll of magic mapping for 52 gold pieces
 24838 | D:14     | Bought a scroll of identify for 30 gold pieces
 24838 | D:14     | Bought a scroll of fog for 30 gold pieces
 24838 | D:14     | Bought a scroll of identify for 30 gold pieces
 24904 | D:14     | Found Zikucsig's Demolitions Depot.
 24959 | D:14     | Noticed Kirke
 25005 | D:14     | Killed Kirke
 25005 | D:14     | Reached skill level 13 in Armour
 25347 | D:14     | HP: 60/132 [two-headed ogre/+0 giant spiked club (22)]
 25913 | D:15     | Entered Level 15 of the Dungeon
 26266 | D:15     | Found a staircase to the Depths.
 26291 | D:15     | Reached XP level 16. HP: 92/140 MP: 20/20
 26460 | D:15     | Reached skill level 7 in Shields
 26502 | D:15     | HP: 66/140 [large slime creature (26)]
 26519 | D:15     | HP: 39/140 [purple ugly thing (8)]
 26544 | D:15     | HP: 47/140 [large slime creature (10)]
 26549 | D:15     | HP: 45/140 [large slime creature (6)]
 26785 | D:15     | HP: 70/140 [fire dragon/blast of flame (33)]
 26788 | D:15     | Reached skill level 17 in Fighting
 27106 | Orc:2    | Entered Level 2 of the Orcish Mines
 27128 | Orc:2    | Found a staircase to the Elven Halls.
 27157 | Orc:2    | Found a roughly hewn altar of Beogh.
 27236 | Orc:2    | Found a roughly hewn altar of Beogh.
 27282 | Orc:2    | Found Ariala's Jewellery Emporium.
 27369 | Orc:2    | HP: 70/141 [sun demon[an orc high priest] (10)]
 27377 | Orc:2    | HP: 54/141 [orc priest/divine providence (11)]
 27382 | Orc:2    | HP: 23/141 [orc priest/divine providence (11)]
 27388 | Orc:2    | HP: 24/141 [orc wizard/puff of frost (2)]
 27674 | Orc:2    | Found a large runed door.
 27674 | Orc:2    | Found a large runed door.
 27675 | Orc:2    | Noticed feelmyfire's ghost (adept HOAK)
 28154 | Orc:1    | Reached skill level 14 in Armour
 28230 | Orc:2    | Found a roughly hewn altar of Beogh.
 28253 | Orc:2    | Found a roughly hewn altar of Beogh.
 28357 | Orc:2    | Found a roughly hewn altar of Beogh.
 28376 | Orc:2    | Found Ycun's Armour Shoppe.
 28399 | Orc:2    | Found a roughly hewn altar of Beogh.
 28437 | Orc:2    | Found Upuricogy's Antique Weapon Emporium.
 28439 | Orc:2    | Found a roughly hewn altar of Beogh.
 28439 | Orc:2    | Found Astaddinie's Antique Armour Shoppe.
 28453 | Orc:2    | theanonym: что купить?
 28453 | Orc:2    | TheNamelessOne: Ох, ну и магазин
 28453 | Orc:2    | TheNamelessOne: а что есть
 28453 | Orc:2    | Bought a pair of distressingly furry gloves for 237 gold
                  | pieces
 28453 | Orc:2    | Bought a translucent large shield for 237 gold pieces
 28453 | Orc:2    | Identified the cursed +0 large shield "Jewnibin" {rC+} (You
                  | bought it in a shop on level 2 of the Orcish Mines)
 28453 | Orc:2    | Bought a pair of glowing boots for 187 gold pieces
 28453 | Orc:2    | TheNamelessOne: неудачное вложение
 28453 | Orc:2    | theanonym: надо было шапку с релеком взять
 28506 | Orc:2    | Found a roughly hewn altar of Beogh.
 28707 | Orc:2    | Killed feelmyfire's ghost
 29004 | Spider:1 | Entered Level 1 of the Spider Nest
 29140 | Spider:1 | Noticed Roxanne
 29239 | Spider:1 | Identified the +2 pair of gloves of Inquiry {+Inv rF- rC+
                  | Str+2} (You bought it in a shop on level 2 of the Orcish
                  | Mines)
 30153 | Spider:2 | Reached skill level 8 in Shields
 31114 | Spider:3 | HP: 67/141 [demonic crawler (4)]
 31139 | Spider:2 | HP: 70/141 [spark wasp/living lightning (1)]
 31479 | Spider:3 | Reached XP level 17. HP: 145/149 MP: 21/21
 31488 | Spider:3 | Reached skill level 15 in Armour
 32046 | Spider:4 | Entered Level 4 of the Spider Nest
 32503 | Spider:4 | Reached skill level 9 in Shields
 32837 | Spider:4 | Reached skill level 18 in Fighting
 33501 | Spider:4 | HP: 61/149 [death scarab (15)]
 33971 | Spider:4 | Got a gossamer rune of Zot
 34897 | Spider:1 | Killed Roxanne
 35181 | Elf:1    | Entered Level 1 of the Elven Halls
 35202 | Elf:1    | Reached skill level 16 in Armour
 35679 | Elf:1    | Found a runed door.
 35679 | Elf:1    | Found a shimmering altar of Xom.
 35679 | Elf:1    | Noticed Aso Nei's ghost (adept SpEn)
 36034 | Elf:1    | Reached skill level 10 in Shields
 36104 | Elf:2    | Reached XP level 18. HP: 98/158 MP: 22/22
 36105 | Elf:2    | HP: 78/158 [+3 battleaxe of chopping (5)]
 36111 | Elf:2    | HP: 54/158 [+3 trident of piercing (12)]
 36338 | Elf:2    | Found a huge runed gate.
 36338 | Elf:2    | Found a huge runed gate.
 36338 | Elf:2    | Found a huge runed gate.
 36341 | Elf:2    | Found a huge runed gate.
 36342 | Elf:2    | Found a huge runed gate.
 36937 | Elf:2    | HP: 65/158 [deep elf archer/arrow (22)]
 36944 | Elf:2    | HP: 64/158 [deep elf mage/bolt of lightning (6)]
 37466 | Elf:3    | Entered Level 3 of the Elven Halls
 37922 | Elf:3    | Reached skill level 17 in Armour
 38437 | Elf:3    | Noticed an Ice Fiend
 38528 | Elf:3    | Noticed a Brimstone Fiend
 38587 | Elf:3    | Noticed an Ice Fiend
 38760 | Elf:3    | Reached skill level 11 in Shields
 38789 | Elf:3    | Identified the cursed +1 battleaxe of a Thousand Continents
                  | {chop, Str+3}
 38817 | Elf:3    | Reached skill level 19 in Fighting
 38895 | Elf:3    | Noticed an Ice Fiend
 38897 | Elf:3    | HP: 80/160 [chaos spawn[a deep elf demonologist] (4)]
 38903 | Elf:3    | HP: 23/160 [deep elf high priest/damnation (37)]
 38914 | Elf:3    | Noticed a Tzitzimitl
 39114 | Elf:3    | Identified the +3 short sword of Byohadox {speed, rN+ Dex-3
                  | Stlth+}
 39137 | Elf:3    | Identified the +10 long sword of Gallantry {venom, *Noise
                  | +Inv rC+++ Stlth-}
 39144 | Elf:3    | HP: 73/160 [balrug/divine providence[a deep elf
                  | demonologist] (12)]
 39150 | Elf:3    | HP: 48/160 [deep elf sorcerer/the cursed +14 obsidian axe
                  | {chop, +Fly SInv *Curse} (13)]
 39163 | Elf:3    | HP: 50/160 [small abomination[a deep elf high priest] (5)]
 39331 | Elf:3    | Noticed a Tzitzimitl
 39397 | Elf:3    | HP: 79/160 [deep elf high priest/divine providence (8)]
 39401 | Elf:3    | HP: 26/160 [deep elf annihilator/iron shot (15)]
 39403 | Elf:3    | HP: 9/160 [deep elf blademaster/+0 rapier (4)]
 39404 | Elf:3    | Shot with an arrow by a deep elf master archer

Vanquished Creatures
  Rupert (Lair:6)
  A deep elf blademaster (Elf:2)
  A deep elf master archer (Elf:3)
  Kirke (D:14)
  The ghost of feelmyfire the Severer, an adept HOAK of Lugonu (Orc:2)
  Roxanne (Spider:1)
  4 deep elf sorcerers (Elf:3)
  5 ghost moths (Spider:4)
  An orc warlord (Orc:1)
  4 emperor scorpions
  2 deep elf elementalists (Elf:3)
  7 entropy weavers
  A stone giant (Orc:1)
  5 deep elf demonologists (Elf:3)
  4 spark wasps
  A minotaur (Lab)
  6 deep elf annihilators
  2 deep elf death magi (Elf:3)
  An ettin (Orc:1)
  Josephine (Orc:1)
  A fire dragon (D:15)
  A quicksilver dragon skeleton (D:15)
  2 ice dragons (IceCv)
  Harold (Lair:1)
  A merfolk avatar (Lair:6)
  5 centaur warriors
  6 hydras
  3 ghost crabs (D:13)
  A catoblepas (Lair:5)
  25 dancing weapons
  The ghost of iamserjio the Grappler, a novice OgSu of Hepliaklqana (D:9)
  A death knight (D:14)
  4 death yaks (Lair:4)
  8 death scarabs (Spider:4)
  7 two-headed ogres
  2 orc high priests
  Nergalle (Lair:1)
  15 deep elf knights
  6 fire crabs (D:13)
  A spectral emperor scorpion (Spider:4)
  A salamander mystic (Volcano)
  3 skeletal warriors
  2 sea snakes (Lair:6)
  An unseen horror (D:12)
  A small abomination (Elf:3)
  A death drake (shapeshifter) (Elf:3)
  A lindwurm (Lair:5)
  7 spectral wolf spiders (Spider:4)
  Pikel (D:4)
  A wizard (D:15)
  A harpy (Lair:5)
  A phantasmal warrior (D:15)
  48 deep elf magi
  7 orc knights
  9 deep elf archers
  4 orc sorcerers
  A necromancer (D:15)
  13 orb spiders
  A stone giant zombie (D:15)
  15 wolf spiders
  Maurice (D:12)
  2 cyclopes
  3 moths of wrath
  11 ugly things
  A manticore (D:14)
  4 centaur zombies
  8 elephants
  2 ice statues (IceCv)
  7 black mambas
  A torpor snail (Lair:4)
  3 gargoyles
  4 spectral redbacks (Spider:4)
  9 spiny frogs
  A yaktaur zombie (D:15)
  10 komodo dragons
  A minotaur zombie (Lab)
  14 demonic crawlers
  20 rime drakes
  4 freezing wraiths (D:14)
  2 redback zombies (Spider:4)
  6 trolls
  A queen bee (Spider:3)
  3 meliai (Spider:3)
  3 spectral tarantellas (Spider:4)
  2 wind drakes
  2 meliai (shapeshifter) (Elf:1)
  7 spectral jumping spiders (Spider:4)
  Grinder (D:4)
  20 jumping spiders
  9 hornets
  7 polar bears
  Prince Ribbit (D:5)
  3 dream sheep (Lair:4)
  15 blink frogs
  9 slime creatures
  A tarantella zombie (Spider:4)
  14 hippogriffs
  2 jumping spider zombies (Spider:4)
  3 air elementals
  55 redbacks
  A vampire (D:10)
  A spriggan (D:7)
  2 fire elementals
  28 tarantellas
  48 yaks
  Eustachio (D:6)
  A shadow (D:11)
  2 water elementals
  6 wraiths
  4 wyverns
  4 hogs (D:14)
  5 hungry ghosts
  4 basilisks
  10 steam dragons
  An ice dragon skeleton (D:15)
  A soldier ant (D:9)
  Edmund (D:5)
  7 wargs
  14 water moccasins
  A spectral hornet (Spider:4)
  44 orc warriors
  8 porcupines
  A hornet zombie (D:8)
  7 sky beasts
  3 slaves (D:4)
  A black bear (D:13)
  19 ice beasts
  19 ogres
  3 phantoms
  A tengu (shapeshifter) (D:13)
  5 centaurs
  3 wolves (Lair:1)
  12 crocodiles
  Blork the orc (D:5)
  2 big kobolds
  17 bullfrogs
  5 earth elementals
  5 water moccasin zombies (Ossuary)
  6 scorpions
  A water moccasin skeleton (D:7)
  17 killer bees
  12 wights
  3 howler monkeys
  8 electric eels
  12 crimson imps
  3 bullfrog zombies
  6 jellies
  12 hounds
  27 orc priests
  2 iguanas (D:6)
  34 orc wizards
  Crazy Yiuf (D:5)
  4 bullfrog skeletons
  4 centaur skeletons
  Ijyb (D:3)
  9 worker ants
  2 big kobold zombies (Ossuary)
  A bullfrog simulacrum (D:9)
  A hound skeleton (D:9)
  2 mummies (Ossuary)
  3 worker ant zombies
  12 adders
  5 shadow imps
  An ooze (D:2)
  A worm zombie (D:5)
  4 adder zombies
  A dart slug (D:4)
  9 leopard geckos
  120 orcs
  6 giant cockroaches
  A gnoll zombie (Ossuary)
  11 goblins
  13 hobgoblins
  10 jackals
  18 kobolds
  4 quokkas
  3 ball pythons
  6 bats
  5 frilled lizards
  A giant cockroach zombie (D:5)
  6 hobgoblin zombies (Ossuary)
  A jackal skeleton (D:4)
  4 kobold zombies (Ossuary)
  A leopard gecko skeleton (D:7)
  5 orc zombies (Ossuary)
  A quokka skeleton (D:7)
  A quokka zombie (D:6)
  4 rats
  3 plants (Lair:3)
1259 creatures vanquished.

Vanquished Creatures (collateral kills)
  An orc (Orc:1)
1 creature vanquished.

Vanquished Creatures (others)
  An entropy weaver (D:13)
  A deep elf mage (Elf:2)
  2 ugly things (D:15)
  3 humans (D:14)
  2 orc wizards (D:6)
  A bush (Lair:4)
  12 fungi
  21 plants
43 creatures vanquished.

Grand Total: 1303 creatures vanquished

Table legend:
 A = Turns spent in this place as a percentage of turns spent in the entire game.
 B = Non-inter-level travel turns spent in this place as a percentage of non-inter-level travel turns spent in the entire game.
 C = Inter-level travel turns spent in this place as a percentage of turns spent in this place.
 D = Turns resting spent in this place as a percentage of non-inter-level travel turns spent in this place.
 E = Turns spent auto-exploring this place as a percentage of non-inter-level travel turns spent in this place.
 F = Non-inter-level travel turns spent in this place divided by the number of levels of this place that you've seen.
                   A       B       C       D       E      F
               +-------+-------+-------+-------+-------+----------------------
         Total | 100.0 | 100.0 |   7.6 |  22.5 |  46.6 | 1040.1
       Dungeon |  42.4 |  40.9 |  10.9 |  21.4 |  49.8 | 993.2
          Lair |  21.5 |  21.5 |   7.8 |  25.2 |  48.4 | 1303.2
   Spider Nest |  14.9 |  15.4 |   4.3 |  21.1 |  48.4 | 1406.0
  Orcish Mines |   7.2 |   7.3 |   6.5 |  18.6 |  39.5 | 1331.5
   Elven Halls |  10.7 |  11.4 |   1.8 |  26.2 |  41.2 | 1383.0
     Labyrinth |   0.5 |   0.5 |   0.0 |   0.0 |   0.0 | 190.0
       Ossuary |   0.8 |   0.8 |   0.0 |  25.0 |  12.7 | 308.0
        Bailey |   0.3 |   0.3 |   0.0 |  26.2 |  27.9 | 122.0
      Ice Cave |   1.4 |   1.5 |   0.0 |  26.4 |  35.1 | 550.0
       Volcano |   0.2 |   0.2 |   0.0 |   0.0 |   0.0 |  81.0
               +-------+-------+-------+-------+-------+----------------------
